 Dungeon Sprint DCSS version 0.27-a0-1416-g941b2bd30b (webtiles) character file.

Game seed: 3780314800318500409

33841 mhtbhm the Archmage (level 13, -10/67 HPs)
             Began as a Deep Elf Earth Elementalist on July 1, 2021.
             Was the Champion of Vehumet.
             Mangled by a boulder beetle (47 damage)
             ... in the Dungeon (Sprint VII: "The Pits").
             The game lasted 00:13:34 (4642 turns).

mhtbhm the Archmage (Deep Elf Earth Elementalist)   Turns: 4642, Time: 00:13:34

Health: -10/67     AC: 10    Str:  5    XL:     13   Next: 39%
Magic:  2/46       EV: 14    Int: 29    God:    Vehumet [******]
Gold:   32         SH:  0    Dex: 11    Spells: 21/66 levels left

rFire    . . .     SeeInvis .   l - +11 spear "Kovu" {elec, rElec rC+ rN++ Dex-4}
rCold    + . .     Faith    .   (no shield)
rNeg     + + .     Spirit   .   b - +0 steam dragon scales
rPois    .         Reflect  .   E - +0 hat {Will+}
rElec    +         Harm     .   s - +0 cloak
rCorr    .         Rampage  .   r - +0 pair of gloves
Will     ++...     NoTele   +   (no boots)
Stlth    +++.......             (no amulet)
HPRegen  0.21/turn              n - +3 ring of protection
MPRegen  0.30/turn              m - +3 ring of intelligence

@: no status effects
A: no striking features
a: Renounce Religion


You were in the Dungeon.
You worshipped Vehumet.
Vehumet was exalted by your worship.
You visited 1 branch You collected 32 gold pieces.

Inventory:

Hand Weapons
 l - the +11 spear "Kovu" (weapon) {elec, rElec rC+ rN++ Dex-4}
   (You found it in the Dungeon)

   Occasionally, upon striking a foe, it can discharge electrical energy and
   cause terrible harm.
   Dex:       It affects your dexterity (-4).
   rC:        It protects you from cold.
   rElec:     It insulates you from electricity.
   rN:        It greatly protects you from negative energy.
Missiles
 i - 20 stones
Armour
 b - +0 steam dragon scales (worn)
 r - a +0 pair of gloves (worn)
 s - a +0 cloak (worn)
 E - a +0 hat of willpower (worn)
Jewellery
 m - a +3 ring of intelligence (right hand)
 n - a +3 ring of protection (left hand)
 w - a ring of protection from cold
 C - a ring of ice
Wands
 u - a wand of flame (26)
 v - a wand of acid (15)
Scrolls
 j - 5 scrolls of amnesia
 k - a scroll of summoning
 y - 8 scrolls of enchant weapon
 A - 3 scrolls of fog
 B - 2 scrolls of enchant armour
Potions
 a - 2 potions of invisibility
 c - 5 potions of curing
 d - 13 potions of heal wounds
 e - 3 potions of haste
 f - 2 potions of magic
 g - 5 potions of berserk rage
 o - 2 potions of brilliance
 p - 2 potions of mutation
 t - a potion of ambrosia {unknown}
 x - a potion of flight
 z - a potion of might
Miscellaneous
 h - a phantom mirror
 q - a tin of tremorstones (2/2)
 D - a lightning rod (3/4)
 F - a box of beasts (inert)


   Skills:
 + Level 2.2 Fighting
 + Level 7.2 Dodging
 + Level 6.4 Stealth
 O Level 27 Spellcasting
 + Level 0.7 Conjurations
 + Level 2.1 Transmutations
 + Level 25.4 Earth Magic


You had 21 spell levels left.
You knew the following spells:

 Your Spells              Type           Power      Damage    Failure   Level
a - Sandblast             Erth           100%       2d20      0%          1
b - Passwall              Tmut/Erth      72%        N/A       0%          2
c - Stone Arrow           Conj/Erth      100%       3d13      0%          3
d - Lee's Rapid Deconstr  Erth           56%        3d27*     0%          5
e - Petrify               Tmut/Erth      87%        N/A       1%          4
f - Inner Flame           Hex/Fire       39%        N/A       1%          3
g - Bolt of Magma         Conj/Fire/Erth 37%        4d16      1%          5
h - Iron Shot             Conj/Erth      43%        9d8       1%          6
i - Orb of Destruction    Conj           21%        9d9       67%         7
j - Shatter               Erth           56%        3d42*     1%          9

Your spell library contained the following spells:

 Spells                   Type           Power      Damage    Failure   Level
 Maxwell's Capacitive Co  Air            19%        ∞         100%        8
 Chain Lightning          Conj/Air       20%        3d27      100%        9


Dungeon Overview and Level Annotations

Branches:
Dungeon (1/1)

Altars:
Ashenzari
Cheibriados
Dithmenos
Elyvilon
Fedhas
Gozag
Hepliaklqana
Kikubaaqudgha
Makhleb
Nemelex Xobeh
Okawaru
Qazlal
Ru
Sif Muna
Trog
Uskayaw
Vehumet
Wu Jian
Xom
Yredelemnul
Zin
The Shining One
Beogh
Jiyva
Lugonu


Message History

Press: ? - help, Dir - move target A metal wall.
The metal wall shatters!
The blast of metal fragments hits the boulder beetle!!
The boulder beetle is almost dead.
The boulder beetle curls into a ball and begins rolling!
Unknown command.
Unknown command.
Casting: Lee's Rapid Deconstruction (safe; 0% risk of failure)
Confirm with . or Enter, or press ? or * to list all spells.
You don't have enough magic to cast this spell.
Unknown command.
Unknown command.
Unknown command.
Aiming: Thunderbolt
Press: ? - help, Shift-Dir - straight line
Okay, then.
Unknown command.
You open the lid... ...and a larval oxweird beast leaps out!
The box is emptied!
Unknown command.
Unknown command.
Aiming: Thunderbolt
Press: ? - help, Shift-Dir - straight line The thunderbolt hits the boulder beetle.
The boulder beetle is almost dead.
Unknown command.
Unknown command.
Unknown command.
Casting: Lee's Rapid Deconstruction (safe; 0% risk of failure)
Confirm with . or Enter, or press ? or * to list all spells.
Aiming: Sandblast (safe; 0% risk of failure)
Press: ? - help, Shift-Dir - straight line, f - boulder beetle
Aim: a boulder beetle (almost dead, rolling, ally target, 100% to hit)
The blast of sand hits the boulder beetle but does no damage.
The boulder beetle is almost dead.
The boulder beetle hits you!!!
Ouch! That really hurt!
You die...

#..........# +..#....#..#
+..........# #..........#
###################..#....#..#
.................''.†).......#
.................''..........#
###############H.##..#....#..#
#S# #.@##..........+ #[#
#.B##......[...+ #@#
#.○####''####''# #N#
##.°####''####''####
#t#.#.°##......##......
############'##W.##.#'##.##......
.................##.#).+.##.[####
.................##.+))#.##..#
######++###########.#.)+.##..#


You could see a boulder beetle (rolling, ally target), an eidolon and a friendly
larval oxweird beast (summoned).

Vanquished Creatures
  the Lernaean hydra (D)
  A pearl dragon (D)
  A bone dragon (D)
  Gastronok (D)
  An emperor scorpion (D)
  A deep elf demonologist (D)
  A dire elephant (D)
  3 eidola (D)
  A boulder beetle (D)
  An alligator snapping turtle (D)
  A catoblepas (D)
  A two-headed ogre (D)
  A sun demon (D)
  A shadow wraith (D)
  A spriggan (D)
  A cherub (D)
  2 sea snakes (D)
  2 deep trolls (D)
  A swamp dragon (D)
  A flayed ghost (D)
  A lindwurm (D)
  3 harpies (D)
  A deep elf pyromancer (D)
  An elephant (D)
  A guardian serpent (D)
  Psyche (D)
  A rime drake (D)
  A demonic crawler (D)
  2 red devils (D)
  An ice devil (D)
  A guardian mummy (D)
  A jumping spider (D)
  A troll (D)
  2 hornets (D)
  5 blink frogs (D)
  3 flying skulls (D)
  A shadow (D)
  A tarantella (D)
  A yak (D)
  A basilisk (D)
  A steam dragon (D)
  2 vampire mosquitoes (D)
  An acid dragon (D)
  A small abomination (D)
  Duvessa (D)
  An ogre (D)
  10 wolves (D)
  2 scorpions (D)
  Dowan (D)
  A quasit (D)
  3 orc priests (D)
  A jelly (D)
  2 iguanas (D)
  2 orc wizards (D)
  2 hell rats (D)
  A mummy (D)
  3 adders (D)
  An ufetubus (D)
  An adder zombie (D)
  An adder skeleton (D)
  A worm (D)
  8 orcs (D)
  A giant cockroach (D)
  2 goblins (D)
  A hobgoblin (D)
  A kobold (D)
  A quokka (D)
  A frilled lizard (D)
  A giant cockroach simulacrum (D)
  A quokka zombie (D)
  A rat (D)
111 creatures vanquished.

Notes
Turn   | Place    | Note
-------+----------+-------------------------------------------
     0 | D        | mhtbhm the Deep Elf Earth Elementalist began the quest for
                  | the Orb.
     0 | D        | Reached XP level 1. HP: 10/10 MP: 6/6
    35 | D        | Found a bloodstained altar of Trog.
    35 | D        | Found a shimmering blue altar of Sif Muna.
    35 | D        | Found a viscous altar of Jiyva.
    35 | D        | Found a hazy altar of Hepliaklqana.
    35 | D        | Found an opulent altar of Gozag.
    36 | D        | Found a glowing golden altar of the Shining One.
    36 | D        | Found a glowing silver altar of Zin.
    36 | D        | Found a basalt altar of Yredelemnul.
    36 | D        | Found a shimmering altar of Xom.
    36 | D        | Found an ornate altar of the Wu Jian Council.
    36 | D        | Found a sacrificial altar of Ru.
    36 | D        | Found a stormy altar of Qazlal.
    36 | D        | Found an iron altar of Okawaru.
    36 | D        | Found a sparkling altar of Nemelex Xobeh.
    36 | D        | Found a burning altar of Makhleb.
    36 | D        | Found a blossoming altar of Fedhas.
    36 | D        | Found a white marble altar of Elyvilon.
    36 | D        | Found a shadowy altar of Dithmenos.
    36 | D        | Found a snail-covered altar of Cheibriados.
    38 | D        | Found a radiant altar of Vehumet.
    38 | D        | Found a corrupted altar of Lugonu.
    39 | D        | Found a hide-covered altar of Uskayaw.
    39 | D        | Found an ancient bone altar of Kikubaaqudgha.
    39 | D        | Found a broken altar of Ashenzari.
    46 | D        | Became a worshipper of Vehumet
    94 | D        | Reached skill level 4 in Spellcasting
    94 | D        | Reached XP level 2. HP: 11/15 MP: 5/9
    95 | D        | Reached skill level 5 in Earth Magic
   164 | D        | Noticed a scorpion
   166 | D        | Reached * piety under Vehumet
   166 | D        | Offered knowledge of Foxfire by Vehumet.
   286 | D        | Learned a level 2 spell: Passwall
   288 | D        | Killed a scorpion
   289 | D        | Reached skill level 6 in Spellcasting
   289 | D        | Reached XP level 3. HP: 19/19 MP: 7/12
   289 | D        | Reached XP level 4. HP: 24/24 MP: 8/14
   395 | D        | Learned a level 3 spell: Stone Arrow
   404 | D        | Noticed a wolf
   407 | D        | Reached ** piety under Vehumet
   407 | D        | Offered knowledge of Searing Ray by Vehumet.
   409 | D        | Killed a wolf
   410 | D        | Reached skill level 7 in Spellcasting
   410 | D        | Reached XP level 5. HP: 28/28 MP: 13/17
   590 | D        | Learned a level 5 spell: Lee's Rapid Deconstruction
   595 | D        | Learned a level 4 spell: Petrify
   596 | D        | Offered knowledge of Mephitic Cloud by Vehumet.
   596 | D        | Noticed a flying skull
   597 | D        | Reached skill level 8 in Spellcasting
   598 | D        | Noticed a flying skull
   601 | D        | Killed a flying skull
   601 | D        | Reached *** piety under Vehumet
   602 | D        | Reached skill level 1 in Fighting
   602 | D        | Reached skill level 5 in Dodging
   602 | D        | Reached skill level 10 in Spellcasting
   602 | D        | Reached XP level 6. HP: 34/34 MP: 3/21
   614 | D        | Reached skill level 5 in Stealth
   614 | D        | Killed a flying skull
   615 | D        | Reached skill level 11 in Spellcasting
   615 | D        | Reached XP level 7. HP: 28/38 MP: 14/23
   618 | D        | Reached **** piety under Vehumet
   760 | D        | Noticed a deep troll
   767 | D        | Killed a deep troll
   767 | D        | Offered knowledge of Airstrike by Vehumet.
   768 | D        | Reached skill level 13 in Spellcasting
   768 | D        | Reached XP level 8. HP: 43/43 MP: 9/27
   864 | D        | Reached ***** piety under Vehumet
  1009 | D        | Offered knowledge of Inner Flame by Vehumet.
  1013 | D        | Reached skill level 14 in Spellcasting
  1020 | D        | Killed a shadow wraith
  1020 | D        | Reached ****** piety under Vehumet
  1021 | D        | Reached skill level 15 in Spellcasting
  1021 | D        | Reached skill level 15 in Earth Magic
  1285 | D        | Learned a level 3 spell: Inner Flame
  1409 | D        | Noticed a flying skull
  1410 | D        | Killed a flying skull
  1410 | D        | Offered knowledge of Conjure Ball Lightning by Vehumet.
  1410 | D        | Noticed an elephant
  1411 | D        | Reached XP level 9. HP: 47/47 MP: 27/30
  1412 | D        | Killed an elephant
  1413 | D        | Reached skill level 16 in Spellcasting
  1422 | D        | Noticed a demonic crawler
  1425 | D        | Killed a demonic crawler
  1426 | D        | Reached skill level 17 in Spellcasting
  1692 | D        | Noticed a boulder beetle
  1697 | D        | Reached skill level 18 in Spellcasting
  1697 | D        | Offered knowledge of Bolt of Magma by Vehumet.
  1708 | D        | Killed a boulder beetle
  1709 | D        | Reached skill level 19 in Spellcasting
  1709 | D        | Reached XP level 10. HP: 42/52 MP: 0/35
  1971 | D        | Learned a level 5 spell: Bolt of Magma
  1985 | D        | Killed Duvessa
  1986 | D        | Offered knowledge of Lightning Bolt by Vehumet.
  1989 | D        | Noticed Dowan
  1991 | D        | Killed Dowan
  2114 | D        | Noticed an eidolon
  2116 | D        | Killed an eidolon
  2116 | D        | Noticed a catoblepas
  2117 | D        | Reached skill level 20 in Spellcasting
  2120 | D        | Killed a catoblepas
  2229 | D        | Noticed an emperor scorpion
  2239 | D        | Killed an emperor scorpion
  2239 | D        | Offered knowledge of Iron Shot by Vehumet.
  2240 | D        | Reached skill level 21 in Spellcasting
  2240 | D        | Reached XP level 11. HP: 56/56 MP: 4/38
  2624 | D        | Learned a level 6 spell: Iron Shot
  2633 | D        | Noticed a lindwurm
  2637 | D        | Noticed a deep elf pyromancer
  2641 | D        | Offered knowledge of Irradiate by Vehumet.
  2641 | D        | Noticed an eidolon
  2643 | D        | Noticed a sea snake
  2647 | D        | Killed a sea snake
  2648 | D        | Killed a deep elf pyromancer
  2649 | D        | Reached skill level 22 in Spellcasting
  2653 | D        | Killed a lindwurm
  2655 | D        | Killed an eidolon
  3151 | D        | Noticed an eidolon
  3154 | D        | Killed an eidolon
  3155 | D        | Reached skill level 23 in Spellcasting
  3159 | D        | Noticed a two-headed ogre
  3161 | D        | Killed a two-headed ogre
  3161 | D        | Offered knowledge of Orb of Destruction by Vehumet.
  3334 | D        | Noticed a sun demon
  3336 | D        | Killed a sun demon
  3336 | D        | Noticed Gastronok
  3340 | D        | Killed Gastronok
  3341 | D        | Reached skill level 24 in Spellcasting
  3341 | D        | Reached XP level 12. HP: 62/62 MP: 19/42
  3718 | D        | Learned a level 7 spell: Orb of Destruction
  3732 | D        | Offered knowledge of Eringya's Noxious Bog by Vehumet.
  3747 | D        | Noticed a deep elf demonologist
  3758 | D        | Killed a deep elf demonologist
  3808 | D        | Noticed a pearl dragon
  3814 | D        | Killed a pearl dragon
  3815 | D        | Reached skill level 25 in Spellcasting
  4089 | D        | Noticed a bone dragon
  4092 | D        | Noticed a dire elephant
  4095 | D        | Offered knowledge of Shatter by Vehumet.
  4095 | D        | Offered knowledge of Chain Lightning by Vehumet.
  4095 | D        | Offered knowledge of Maxwell's Capacitive Coupling by
                  | Vehumet.
  4096 | D        | Reached skill level 26 in Spellcasting
  4105 | D        | Killed a dire elephant
  4110 | D        | Killed a bone dragon
  4111 | D        | Reached XP level 13. HP: 30/66 MP: 16/45
  4464 | D        | Got the +11 spear "Kovu" {elec, rElec rC+ rN++ Dex-4}
  4505 | D        | Learned a level 9 spell: Shatter
  4572 | D        | Noticed an eidolon
  4572 | D        | Noticed the 27-headed Lernaean hydra
  4574 | D        | Noticed a nagaraja
  4577 | D        | Noticed Psyche
  4582 | D        | Killed the 27-headed Lernaean hydra
  4583 | D        | Reached skill level 27 in Spellcasting
  4591 | D        | Banished a nagaraja
  4606 | D        | Killed Psyche
  4642 | D        | Mangled by a boulder beetle

Illustrated notes

Levels and vault maps discovered:
D:        pitsprint [storerooms_1, entrance_room_1, metal_vault_3, armoury_1,
          mini_pit_1, grid_room_1, main_hall_1, silver_pit, the_coven_3,
          the_vestibule_1, steel_vault_1, golden_pit, hallway_of_sentries,
          crystal_vault_6, iron_vault_2, final_vault]

Skill      XL: |  1  2  3  4  5  6  7  8  9 10 11 12 13 |
---------------+----------------------------------------+-----
Spellcasting   | 4 6 7 10 11 13 15 19 21 24 26 27 | 27.0
Earth Magic    | 4 7 9 11 12 14 15 17 19 21 23 25 | 25.4
Dodging        | 3 4 5 6 7 |  7.2
Stealth        | 3 4 5 6 |  6.4
Fighting       | 1 2 |  2.2
Transmutations | 2 |  2.1
Conjurations   | |  0.7

Action                   |  1- 3 |  4- 6 |  7- 9 | 10-12 | 13-15 || total
-------------------------+-------+-------+-------+-------+-------++-------
 Cast: Sandblast         |     9 |     8 |     1 |     1 |     1 ||    20
       Stone Arrow       |       |     1 |       |     1 |       ||     2
       Lee's Rapid Decon |       |     5 |    30 |    71 |    18 ||   124
       Petrify           |       |       |     1 |     1 |     1 ||     3
       Iron Shot         |       |       |       |     2 |       ||     2
Evoke: Box of beasts     |       |       |       |       |     1 ||     1
       Lightning rod     |       |       |       |       |     1 ||     1
  Use: Potion            |     1 |     1 |       |     4 |     4 ||    10
       Scroll            |       |       |       |     1 |       ||     1
Armor: Robe              |     1 |       |     4 |     1 |       ||     6
       Steam dragon scal |       |       |       |     2 |     1 ||     3
Dodge: Dodged            |     2 |     8 |     5 |    20 |       ||    35
       Rpst.: Falchion   |     1 |     1 |       |       |       ||     2

Table legend: (Time is in decaauts)
 A = Elapsed time spent in this place.
 B = Non-inter-level travel time spent in this place.
 C = Inter-level travel time spent in this place.
 D = Time resting spent in this place.
 E = Time spent auto-exploring this place.
 F = Levels seen in this place.
 G = Mean time per level.
                   A        B        C        D        E       F      G
               +--------+--------+--------+--------+--------+-----+--------+
         Total |   4621 |   4621 |      0 |   3366 |    124 |   1 | 4621.0 |
       Dungeon |   4621 |   4621 |      0 |   3366 |    124 |   1 | 4621.0 |
               +--------+--------+--------+--------+--------+-----+--------+

Top non-repeatable levels by time:
       D: 4621 daAuts
